 Dungeon Crawl Stone Soup version 0.22-a0-224-g8cf3520 (webtiles) character file.

175 Gorglomux the Chopper (level 5, -1/47 HPs)
             Began as a Minotaur Chaos Knight on Feb 19, 2018.
             Slain by an ufetubus (5 damage)
             ... summoned by Xom
             ... on level 2 of the Dungeon.
             The game lasted 00:02:06 (2337 turns).

Gorglomux the Chopper (Minotaur Chaos Knight)       Turns: 2337, Time: 00:02:07

Health: -1/47      AC: -3    Str: 17    XL:     5   Next: 29%
Magic:  4/4        EV: 12    Int:  9    God:
Gold:   153        SH:  0    Dex: 10    Spells: 4/4 levels left

rFire    . . .     SeeInvis .   h - +2 short sword (venom)
rCold    . . .     Gourm    .   (no shield)
rNeg     . . .     Faith    .   b - +2 leather armour
rPois    .         Spirit   .   (helmet restricted)
rElec    .         Reflect  .   (no cloak)
rCorr    .         Harm     .   (no gloves)
MR       .....                  (no boots)
Stlth    +.........             (no amulet)
HPRegen  0.15/turn              (no ring)
MPRegen  0.09/turn              (no ring)

@: corroded
A: retaliatory headbutt, horns 2, deformed body
a: no special abilities


You were on level 2 of the Dungeon.
You were hungry.

You visited 1 branch of the dungeon, and saw 3 of its levels.

You collected 153 gold pieces.

Inventory:

Hand Weapons
 a - a +0 hand axe of chaos
 h - a +2 short sword of venom (weapon)
Missiles
 Z - a throwing net (quivered)
Armour
 b - a +2 leather armour (worn)
Scrolls
 d - 4 scrolls of teleportation {unknown}
 g - 2 scrolls of identify {unknown}
 i - 3 scrolls of remove curse {unknown}
 l - a scroll of amnesia {unknown}
Potions
 k - a potion of curing {unknown}
 m - a potion of heal wounds {unknown}
Comestibles
 c - 3 rations


   Skills:
 + Level 4.7 Fighting
 + Level 4.9 Axes
 + Level 3.9 Armour
 + Level 2.9 Dodging


You had 4 spell levels left.
You didn't know any spells.

Dungeon Overview and Level Annotations

Branches:
Dungeon (3/15)

Altars:

Annotations:
D:3 Gorglomux's ghost, amateur MiCK


Innate Abilities, Weirdness & Mutations

You reflexively headbutt those who attack you in melee.
You have a pair of horns on your head.
Armour fits poorly on your strangely shaped body.


Message History

The ufetubus completely misses you! The rust devil hits you!
The rust devil corrodes you!!!
You spit the rust butt but do no damage!
The rust devil is poisoned!
The ufetubus hits you! The butts closely misses you!
The rust devil misses butt!
You're too confused to move!!!
You feel less confused! The ufetubus misses you! The butts barely misses you!
The ufetubus hits you! The ufetubus barely misses you!
The rust devil hits you!!! * * * don't die
* * * The rust devil corrodes you!!!
Unknown command!
The ufetubus completely misses you! You furiously retaliate!!!
You headbutt the ufetubus, but do no damage!
The ufetubus closely misses you! The ufetubus closely misses you!
You furiously retaliate!!!
You headbutt the ufetubus! The ufetubus hits you! * * * don't die
* * * The ufetubus barely misses you!
The ufetubus butts you! rip

...######.####.#........#
#.........# #.#........#
##..#.....####..........#
........................#
##............#.........#
.#...######.....#########
.......## ###.......####
.....#..#######........###
......#....# #.@.#......#
...#..####.######5.###.#.##
..##..####.........#......#
.....................##...#
..##.#..##.......4......###
...................######
..#.####.#.........# ....#
#.#.........# .)..#
#.#.........##


You could see a rust devil and an ufetubus.

Vanquished Creatures
  A crimson imp (D:3)
  2 gnolls (D:3)
  2 adders (D:2)
  An ooze (D:1)
  4 worms (D:2)
  3 dart slugs
  3 leopard geckos
  5 orcs (D:3)
  7 bats
  6 giant cockroaches
  5 hobgoblins
  6 jackals
  10 kobolds
  3 quokkas
  3 frilled lizards
  5 goblins
  8 rats
74 creatures vanquished.

Notes
Turn   | Place    | Note
-------+----------+-------------------------------------------
     0 | D:1      | Gorglomux the Minotaur Chaos Knight began the quest for the Orb.
     0 | D:1      | Reached XP level 1. HP: 19/19 MP: 0/0
     0 | D:1      | XOM: divination: magic mapping
     1 | D:1      | Fell from the grace of Xom
   104 | D:1      | Reached XP level 2. HP: 20/27 MP: 1/1
   177 | D:1      | XOM: 2-stop teleportation journey
   189 | D:1      | XOM: give mutations
   189 | D:1      | Gained mutation: Armour fits poorly on your strangely shaped body. [Xom's mischief]
   189 | D:1      | Gained mutation: You are frail. (-10% HP) [Xom's mischief]
   189 | D:1      | Lost mutation: You are frail. (-10% HP) [Xom's mischief]
   380 | D:1      | XOM: summons 3 hostile shadow creatures
   650 | D:1      | Reached skill level 3 in Armour
   742 | D:1      | Reached XP level 3. HP: 33/33 MP: 2/2
  1053 | D:2      | XOM: noise
  1061 | D:2      | Reached XP level 4. HP: 25/40 MP: 3/3
  1777 | D:3      | Reached XP level 5. HP: 35/47 MP: 4/4
  1845 | D:3      | XOM: mild Air miscast
  1948 | D:3      | XOM: 4-stop teleportation journey
  1949 | D:3      | Noticed Gorglomux's ghost (amateur MiCK)
  2320 | D:2      | XOM: summons 2 hostile demons
  2321 | D:2      | Noticed a rust devil
  2337 | D:2      | Slain by an ufetubus

Vault maps used:
D:1:      dpeg_arrival_rooms_c
D:2:      nicolae_overflow_hidden_temple
D:3:      lemuel_castle_with_subvaults, first_ration, minmay_misc_feat_pillars,
          uniq_ijyb

Skill      XL: |  1  2  3 |
---------------+----------+-----
Axes           | 4 |  4.9
Fighting       | 4 |  4.7
Armour         | 3 |  3.9
Dodging        | 2 |  2.9

Action                   |  1- 3 |  4- 6 || total
-------------------------+-------+-------++-------
Melee: Hand axe          |    19 |       ||    19
       Headbutt          |    11 |     8 ||    19
       Short sword       |    62 |    87 ||   149
Invok: Renounce Religion |     1 |       ||     1
  Eat: Chunk             |       |     4 ||     4
Armor: Leather armour    |    26 |    17 ||    43
Dodge: Dodged            |    56 |    68 ||   124

Table legend:
 A = Spawn XP
 B = Non-spawn XP
 C = Spawn XP percentage of total XP
 D = Spawn monster count
 E = Non-spawn monster count
 F = Spawn count percentage of total count
 G = Total turns spent on level
                    A         B        C        D         E        F      G
               +---------+---------+-------+---------+---------+-------+---------
         Total |       0 |     250 |   0.0 |       0 |      74 |   0.0 |  2337
               +---------+---------+-------+---------+---------+-------+---------
           D:1 |       0 |      46 |   0.0 |       0 |      23 |   0.0 |   936
           D:2 |       0 |      87 |   0.0 |       0 |      30 |   0.0 |   825
           D:3 |       0 |     117 |   0.0 |       0 |      21 |   0.0 |   576
               +---------+---------+-------+---------+---------+-------+---------
